 Dungeon Crawl Stone Soup version 0.27-a0-1325-g58a489ad9e (webtiles) character file.

Game seed: 12004255611747207048

4300 unlimited the Fighter (level 10, 0/88 HPs)
             Began as a Grey Draconian Abyssal Knight on June 24, 2021.
             Was an Elder of Lugonu.
             Succumbed to a killer bee's poison
             ... on level 8 of the Dungeon.
             The game lasted 03:21:41 (9095 turns).

unlimited the Fighter (DrAK)                        Turns: 9095, Time: 03:21:46

Health: 0/88       AC: 12    Str: 18    XL:     10   Next: 11%
Magic:  11/17      EV: 13    Int: 13    God:    Lugonu [****..]
Gold:   244        SH:  0    Dex: 10    Spells: 8/18 levels left

rFire    . . .     SeeInvis .   j - +4 quarterstaff (chaos)
rCold    . . .     Faith    .   (shield currently unavailable)
rNeg     . . .     Spirit   .   (armour unavailable)
rPois    .         Reflect  .   (helmet restricted)
rElec    .         Harm     .   (no cloak)
rCorr    .         Rampage  .   (no gloves)
Will     .....                  (no boots)
Stlth    ++........             n - amulet of the acrobat
HPRegen  0.24/turn              i - ring of wizardry
MPRegen  0.15/turn              (no ring)

@: lethally poisoned (0 -> -17), about to teleport, very slightly contaminated
A: AC +12, amphibious, unfitting armour, cold-blooded
a: Renounce Religion, Depart the Abyss, Bend Space, Banish, Corrupt


You were on level 8 of the Dungeon.
You worshipped Lugonu.
Lugonu was greatly pleased with you.
You visited 2 branches of the dungeon, and saw 9 of its levels.
You visited the Abyss 1 time.
You also visited: Ossuary.

You collected 309 gold pieces.
You spent 65 gold pieces at shops.

Inventory:

Hand Weapons
 c - a +1 dagger of draining
 d - a +0 hunting sling
 j - a +4 quarterstaff of chaos (weapon)
 m - a +2 whip of freezing
 q - a +1 mace of holy wrath
 s - a +2 dagger of venom
 y - a +1 mace of protection
 M - a +1 flail of draining
 N - a +0 antimagic short sword
 O - a +4 spear
Missiles
 g - 297 stones
 h - 91 arrows
 t - 20 poisoned darts
 x - 15 bolts
 F - 7 atropa-tipped darts
 J - 7 curare-tipped darts
 K - 13 boomerangs
Magical Staves
 k - a staff of death
 P - a staff of cold
Jewellery
 i - a ring of wizardry (left hand)
 n - an amulet of the acrobat (around neck)
 r - a ring of poison resistance
Wands
 f - a wand of iceblast (4) (quivered)
 o - a wand of digging (3)
 v - a wand of polymorph (19)
 B - a wand of acid (8)
Scrolls
 a - a scroll of acquirement
 e - a scroll of vulnerability {unknown}
 p - 2 scrolls of magic mapping
 u - 4 scrolls of teleportation
 A - a scroll of fear {unknown}
 E - 2 scrolls of fog
 G - a scroll of enchant armour
 L - a scroll of immolation
Potions
 b - 2 potions of mutation
 l - a potion of attraction
 w - a potion of curing
 z - a potion of lignification {unknown}
 C - a potion of flight {unknown}
 D - a potion of invisibility {unknown}
 H - a potion of brilliance {unknown}
 I - a potion of resistance {unknown}
 Q - a potion of cancellation {unknown}


   Skills:
 + Level 8.1 Fighting
 - Level 6.1 Short Blades
 - Level 2.8(4.9) Polearms
 * Level 6.2(6.5) Staves
 - Level 4.9 Dodging
 - Level 1.4 Stealth
 + Level 4.8 Spellcasting
 + Level 5.1 Necromancy
 - Level 2.2 Invocations


You had 8 spell levels left.
You knew the following spells:

 Your Spells              Type           Power      Damage    Failure   Level
a - Animate Skeleton      Necr           32%        N/A       1%          1
b - Gell's Gravitas       Tloc           1%         N/A       22%         3
c - Magic Dart            Conj           12%        1d3       8%          1
d - Searing Ray           Conj           6%         3d3       12%         2
e - Vampiric Draining     Necr           8%         2d7       2%          3

Your spell library contained the following spells:

 Spells                   Type           Power      Damage    Failure   Level
 Pain                     Necr           64%        1d7       1%          1
 Animate Dead             Necr           8%         N/A       9%          4
 Confusing Touch          Hex            3%         N/A       22%         3
 Dazzling Flash           Conj/Hex       6%         N/A       22%         3
 Agony                    Necr           16%        N/A       26%         5
 Fulminant Prism          Conj/Hex       1%         3d6       56%         4
 Iskenderun's Mystic Bla  Conj/Tloc      3%         2d3       56%         4
 Petrify                  Tmut/Erth      3%         N/A       56%         4
 Metabolic Englaciation   Hex/Ice        1%         N/A       88%         5
 Yara's Violent Unravell  Hex/Tmut       1%         3d3       88%         5


Dungeon Overview and Level Annotations

Branches:
Dungeon (8/15)             Temple (1/1) D:4         Ossuary (visited)
   Lair: D:8-11

Altars:
Ashenzari
Cheibriados
Dithmenos
Elyvilon
Fedhas
Gozag
Hepliaklqana
Kikubaaqudgha
Makhleb
Okawaru
Qazlal
Ru
Sif Muna
Trog
Uskayaw
Vehumet
Wu Jian
Xom
Yredelemnul
Zin
The Shining One

Shops:
D:3 !!=[[


Innate Abilities, Weirdness & Mutations

Your dull iron-grey scales are very hard. (AC +12)
You are amphibious.
You cannot fit into any form of body armour.
You are cold-blooded and may be slowed by cold attacks.


Message History

The centaur barely misses you. The centaur completely misses you.
The steam dragon bites you.
* * * LOW HITPOINT WARNING * * *
The steam dragon claws you but does no damage.
The killer bee stings you but does no damage.
* * * LOW HITPOINT WARNING * * *
You feel very sick. The killer bee barely misses you.
The killer bee completely misses you.
As you read the scroll of teleportation, it crumbles to dust.
You feel strangely unstable.
* * * LOW HITPOINT WARNING * * *
You feel very sick.
The killer bee stings you but does no damage.
The centaur barely misses you.
The centaur kicks you but does no damage.
The killer bee stings you but does no damage.
The killer bee closely misses you. The centaur misses you.
The centaur barely misses you. The killer bee misses you.
You sock the killer bee! You burn the killer bee.
You kill the killer bee!
Lugonu accepts your kill.
* * * LOW HITPOINT WARNING * * *
You feel sick. The killer bee stings you.
* * * LOW HITPOINT WARNING * * *
You are more poisoned.
The killer bee poisons you! The killer bee barely misses you.
The centaur hits you.
* * * LOW HITPOINT WARNING * * *
The centaur misses you.
The killer bee stings you but does no damage.
Casting: Gell's Gravitas (dangerous; 22% risk of failure)
Confirm with . or Enter, or press ? or * to list all spells.
Aiming: Vampiric Draining (mildly dangerous; 2% risk of failure)
Press: ? - help, Shift-Dir - straight line, f - killer bee
Aim: a killer bee (severely wounded)
You draw life force from the killer bee!
You kill the killer bee!
Lugonu accepts your kill.
You feel life coursing into your body.
You die...

##.............##
#...............#
#...............#
#............§..# #
#........§..§.).##### ##
#........§§§.....l†l###.
#......l.§§§§§§§###...yy
##....c†yD§§§§§## ######
##....@#.§§§§##
#############


You could see a steam dragon, a wyvern, a centaur and a killer bee.

Vanquished Creatures
  A two-headed ogre (D:8)
  Pikel (D:4)
  A komodo dragon (D:5)
  Sigmund (D:3)
  An orc warrior (D:6)
  A sky beast (D:6)
  2 ice beasts
  2 ogres
  A centaur (D:6)
  3 lemures (D:4)
  5 elf zombies (Ossuary)
  A bullfrog (D:7)
  2 scorpions
  A wyvern skeleton (D:6)
  A water moccasin skeleton (D:4)
  10 killer bees
  4 wights (D:6)
  6 centaur zombies
  2 human zombies (Ossuary)
  3 jellies
  Crazy Yiuf (D:3)
  2 bullfrog skeletons (D:6)
  2 gnoll shamans
  2 orc priests (D:6)
  2 centaur skeletons
  Jessica (D:3)
  Ijyb (D:4)
  2 iguanas
  An orc wizard (D:6)
  A hound skeleton (D:4)
  3 mummies (Ossuary)
  A howler monkey zombie (D:6)
  Robin (D:2)
  4 gnolls (D:6)
  3 adders
  A shadow imp (D:6)
  2 white imps
  An ufetubus (D:5)
  An adder skeleton (D:4)
  A worm (D:4)
  A dart slug (D:4)
  9 orcs
  4 bats
  9 endoplasms
  4 giant cockroaches
  12 goblins
  6 hobgoblins
  15 jackals
  4 quokkas
  5 ball pythons
  2 frilled lizards (D:1)
  A goblin zombie (D:5)
  5 kobolds
  A quokka skeleton (D:4)
  A quokka zombie (D:5)
  5 rats
166 creatures vanquished.

Vanquished Creatures (others)
  2 plants (D:2)
  6 withered plants (D:2)
8 creatures vanquished.

Grand Total: 174 creatures vanquished

Notes
Turn   | Place    | Note
-------+----------+-------------------------------------------
     0 | Abyss:1  | unlimited the Draconian Abyssal Knight began the quest for
                  | the Orb.
     0 | Abyss:1  | Reached XP level 1. HP: 19/19 MP: 2/2
    31 | Abyss:1  | Noticed a quasit
    36 | D:1      | Escaped the Abyss
   139 | D:1      | Reached * piety under Lugonu
   145 | D:1      | Reached XP level 2. HP: 25/27 MP: 3/3
   320 | D:1      | Reached skill level 4 in Fighting
   428 | D:1      | Reached XP level 3. HP: 26/33 MP: 4/4
   571 | D:2      | Learned a level 1 spell: Animate Skeleton
   723 | D:2      | Reached ** piety under Lugonu
   901 | D:2      | Found a faded altar of an unknown god.
  1137 | D:2      | Noticed Robin
  1158 | D:2      | Killed Robin
  1485 | D:2      | Reached skill level 1 in Short Blades
  1485 | D:2      | Reached XP level 4. HP: 26/41 MP: 5/5
  1792 | D:3      | Noticed Jessica
  1806 | D:3      | Killed Jessica
  1831 | D:3      | Found Gugidgh's Distillery.
  1843 | D:3      | Bought a potion of heal wounds for 65 gold pieces
  1943 | D:3      | Found Xoitabul's Distillery.
  2125 | D:3      | Found Xoargh's Armour Boutique.
  2192 | D:3      | Found Esuoph's Jewellery Boutique.
  2280 | D:3      | Found Nulul's Armour Shop.
  2322 | D:3      | Noticed Sigmund
  2334 | D:3      | Killed Sigmund
  2335 | D:3      | Reached XP level 5. HP: 38/47 MP: 6/6
  2604 | D:4      | Noticed an ogre
  2616 | D:4      | Killed an ogre
  2617 | D:4      | Reached skill level 5 in Fighting
  2617 | D:4      | Reached XP level 6. HP: 49/56 MP: 7/7
  2698 | D:4      | Noticed Ijyb
  2712 | D:4      | Killed Ijyb
  2713 | D:4      | Reached skill level 1 in Stealth
  2811 | D:4      | Noticed Pikel
  2919 | D:4      | Killed Pikel
  2920 | D:4      | Reached skill level 1 in Spellcasting
  2920 | D:4      | Your scales start taking on a dull iron-grey colour.
  2920 | D:4      | Reached XP level 7. HP: 25/61 MP: 8/8
  3237 | D:4      | Reached skill level 5 in Short Blades
  3328 | D:4      | Reached *** piety under Lugonu
  3701 | D:4      | Reached XP level 8. HP: 55/69 MP: 9/9
  3799 | D:4      | Found a staircase to the Ecumenical Temple.
  3814 | Temple   | Entered the Ecumenical Temple
  3958 | D:5      | Entered Level 5 of the Dungeon
  4008 | D:3      | Found a runed translucent door.
  4009 | D:3      | Noticed Crazy Yiuf
  4032 | D:3      | Killed Crazy Yiuf
  4207 | D:5      | Reached skill level 1 in Necromancy
  4242 | D:5      | Found a sand-covered staircase.
  4264 | Ossuary  | Entered an ossuary
  4351 | Ossuary  | Reached skill level 6 in Fighting
  4783 | Ossuary  | Reached skill level 1 in Staves
  5094 | D:5      | Learned a level 3 spell: Gell's Gravitas
  5096 | D:5      | Learned a level 1 spell: Magic Dart
  5099 | D:5      | Learned a level 2 spell: Searing Ray
  5103 | D:5      | Learned a level 3 spell: Vampiric Draining
  5270 | D:5      | Noticed a komodo dragon
  5900 | D:5      | Killed a komodo dragon
  5901 | D:5      | Reached XP level 9. HP: 38/78 MP: 0/13
  6584 | D:6      | Reached skill level 7 in Fighting
  7767 | D:7      | Reached skill level 5 in Staves
  8038 | D:7      | Identified a scroll of acquirement
  8114 | D:7      | Reached **** piety under Lugonu
  8761 | D:8      | Noticed a two-headed ogre
  8808 | D:8      | Killed a two-headed ogre
  8809 | D:8      | Reached skill level 8 in Fighting
  8809 | D:8      | Reached skill level 5 in Necromancy
  8809 | D:8      | Reached XP level 10. HP: 35/88 MP: 1/17
  9094 | D:8      | HP: 3/88 [centaur (3)]
  9095 | D:8      | Succumbed to a killer bee's poison

Illustrated notes

Levels and vault maps discovered:
D:1:      mrwooster_arrival_statue, layout_rooms, minmay_pentomino_o2
D:2:      layout_basic, shapermc_ecumenical_altar_flowoftime,
          hangedman_decor_push, uniq_robin
D:3:      layout_loops_ring, serial_shops, nicolae_shop_trees,
          nicolae_shop_trees, nicolae_shop_statue_plus, nicolae_square_shop,
          shop, feat_on_display, uniq_crazy_yiuf_cottage, uniq_sigmund,
          uniq_jessica
D:4:      minmay_bubble_buster, layout_cave_pools, temple_hall,
          supply_closet_lemuel, uniq_pikel, uniq_ijyb
D:5:      layout_basic, enter_ossuary_4, kennysheep_diamond
D:6:      layout_loops_cross, kennysheep_small_circle
D:7:      layout_cave_pods
D:8:      layout_rooms
Temple:   compressed_dpeg_triangle_lava_temple

Skill      XL: |  1  2  3  4  5  6  7  8  9 |
---------------+----------------------------+-----
Fighting       | 4 5 6 8 |  8.1
Short Blades   | 1 3 4 5 6 |  6.1
Dodging        | 3 4 |  4.9
Stealth        | 1 |  1.4
Spellcasting   | 1 3 4 |  4.8
Necromancy     | 3 5 |  5.1
Staves         | 2 6 |  6.2
Polearms       | |  2.8
Invocations    | |  2.2

Action                   |  1- 3 |  4- 6 |  7- 9 | 10-12 || total
-------------------------+-------+-------+-------+-------++-------
Melee: Dagger            |   150 |    72 |   178 |       ||   400
       Tailslap          |    22 |    17 |    65 |       ||   104
       Spear             |     6 |    28 |       |       ||    34
       Quarterstaff      |       |       |   200 |    12 ||   212
       Staff             |       |       |     9 |       ||     9
 Cast: Animate Skeleton  |     2 |       |     1 |       ||     3
       Vampiric Draining |       |       |    29 |     1 ||    30
       Searing Ray       |       |       |    22 |       ||    22
       Magic Dart        |       |       |     3 |       ||     3
Invok: Depart the Abyss  |     1 |       |       |       ||     1
Evoke: Wand              |       |       |     7 |     2 ||     9
  Use: Scroll            |     2 |     2 |     8 |     4 ||    16
       Potion            |     1 |     5 |     4 |     2 ||    12
 Stab: Petrified         |       |       |     3 |       ||     3
       Petrifying        |       |       |     2 |       ||     2
       Paralysed         |       |       |     1 |       ||     1
       Sleeping          |       |       |     1 |       ||     1
Armor: Skin              |    30 |    12 |   154 |    19 ||   215
Dodge: Dodged            |    66 |    53 |   345 |    71 ||   535

Table legend: (Time is in decaauts)
 A = Elapsed time spent in this place.
 B = Non-inter-level travel time spent in this place.
 C = Inter-level travel time spent in this place.
 D = Time resting spent in this place.
 E = Time spent auto-exploring this place.
 F = Levels seen in this place.
 G = Mean time per level.
                   A        B        C        D        E       F      G
               +--------+--------+--------+--------+--------+-----+--------+
         Total |   9039 |   4435 |   4604 |   1817 |      0 |  11 |  821.7 |
       Dungeon |   8198 |   3680 |   4518 |   1476 |      0 |   8 | 1024.8 |
        Temple |     87 |      1 |     86 |      0 |      0 |   1 |   87.0 |
         Abyss |     35 |     35 |      0 |      0 |      0 |   1 |   35.0 |
       Ossuary |    717 |    717 |      0 |    341 |      0 |   1 |  717.0 |
               +--------+--------+--------+--------+--------+-----+--------+

Top non-repeatable levels by time:
     D:5: 1534 daAuts
     D:6: 1412 daAuts
     D:2: 1271 daAuts
     D:4: 1106 daAuts
     D:3: 1031 daAuts
     D:7: 1016 daAuts
 Ossuary: 717 daAuts
     D:1: 492 daAuts
     D:8: 333 daAuts
  Temple: 87 daAuts
 Abyss:1: 35 daAuts
